 Dungeon Crawl Stone Soup version 0.23-a0-639-ga9a3373 (console) character file.

67 Duffy the Conjurer (level 4, 30/30 HPs)
             Began as a Demonspawn Fire Elementalist on Dec 29, 2018.
             Quit the game on level 2 of the Dungeon.
             The game lasted 00:02:07 (2143 turns).

Duffy the Conjurer (Demonspawn Fire Elementalist)   Turns: 2143, Time: 00:02:08

Health: 30/30      AC:  4    Str:  9    XL:     4   Next: 0%
Magic:  1/7        EV: 12    Int: 17    God:
Gold:   48         SH:  0    Dex: 13    Spells: 3/7 levels left

rFire    + . .     SeeInvis .   d - +0 dagger
rCold    . . .     Gourm    .   (no shield)
rNeg     . . .     Faith    .   a - +0 robe
rPois    .         Spirit   .   (no helmet)
rElec    .         Reflect  .   (no cloak)
rCorr    .         Harm     .   (no gloves)
MR       .....                  (no boots)
Stlth    +++.......             (no amulet)
HPRegen  0.10/turn              j - ring of protection from fire (curse)
MPRegen  0.10/turn              (no ring)

@: very slightly contaminated
A: slimy green scales 1, nightstalker 1, spiny 1
a: no special abilities


You were on level 2 of the Dungeon.
You were not hungry.

You visited 1 branch of the dungeon, and saw 2 of its levels.

You collected 48 gold pieces.

Inventory:

Hand Weapons
 d - a +0 dagger (weapon)
Armour
 a - a +0 robe (worn)
Jewellery
 j - a cursed ring of protection from fire (left hand)
Scrolls
 b - 2 scrolls of blinking {unknown}
 e - 3 scrolls of identify {unknown}
 g - 2 scrolls of teleportation {unknown}
 h - a scroll of enchant weapon {unknown}
 l - a scroll of immolation {unknown}
 m - a scroll of fear {unknown}
Potions
 f - 2 potions of curing {unknown}
 i - a potion of haste {unknown}
 k - a potion of resistance {unknown}
Comestibles
 c - 2 rations


   Skills:
 - Level 1.7 Dodging
 - Level 1.7 Stealth
 + Level 2.4 Spellcasting
 + Level 3.1 Conjurations
 + Level 3.1 Fire Magic


You had 3 spell levels left.
You knew the following spells:

 Your Spells              Type           Power        Failure   Level  Hunger
h - Flame Tongue          Conj/Fire      ##...        5%          1    #......
l - Conjure Flame         Conj/Fire      ##......     16%         3    ###....

Your spell library contained the following spells:

 Spells                   Type           Power        Failure   Level  Hunger
 Throw Flame              Conj/Fire      ##....       8%          2    ##.....
 Inner Flame              Hex/Fire       #.......     28%         3    ###....
 Sticky Flame             Conj/Fire      ##......     45%         4    #####..
 Fireball                 Conj/Fire      ##........   82%         5    ######.


Dungeon Overview and Level Annotations

Branches:
Dungeon (2/15)

Altars:


Innate Abilities, Weirdness & Mutations

You are partially covered in slimy green scales. (AC +2)
You are slightly more attuned to the shadows.
You are partially covered in sharp spines.


Message History

The flame tongue hits the frilled lizard.
You kill the frilled lizard!
Casting: Flame Tongue (safe; 5% risk of failure)
Confirm with . or Enter, or press ? or * to list all spells.
You can't see any susceptible monsters within range! (Use Z to cast anyway.)
Casting: Flame Tongue (safe; 5% risk of failure)
Confirm with . or Enter, or press ? or * to list all spells.
You can't see any susceptible monsters within range! (Use Z to cast anyway.)
A hobgoblin comes into view. It is wielding a +0 club.
Casting: Flame Tongue (safe; 5% risk of failure)
Confirm with . or Enter, or press ? or * to list all spells.
Aiming: Flame Tongue (safe; 5% risk of failure)
Press: ? - help, Shift-Dir - straight line, f - hobgoblin
Aim: a hobgoblin, wielding a +0 club (resting)
The flame tongue hits the hobgoblin.
You kill the hobgoblin!
You have reached level 4!
You feel stronger.
Your demonic ancestry asserts itself...
Sharp spines emerge from parts of your body.
Are you sure you want to abandon this character and quit the game? (Confirm

##########....#.###.#.#
##....### #....... .. .
#.....### ..# ..
#.....######..# ..
#.............. ##
#.###..%....... # #.#
#.......... #########.#
#...@...... ........#.#
#.......... ..........#
#......)... ........###
#...!...... ........#
#..g....... ...##.###
#.......... ...##.#
##########. ...##.#
...##.#


You could see a hobgoblin (sleeping).

Vanquished Creatures
  An adder (D:2)
  An ooze (D:1)
  A worm (D:2)
  A dart slug (D:1)
  A leopard gecko (D:1)
  8 giant cockroaches
  4 goblins
  8 hobgoblins
  A ball python (D:1)
  6 bats
  6 frilled lizards
  5 kobolds (D:1)
  3 rats
46 creatures vanquished.

Notes
Turn   | Place    | Note
-------+----------+-------------------------------------------
     0 | D:1      | Duffy the Demonspawn Fire Elementalist began the quest for
                  | the Orb.
     0 | D:1      | Reached XP level 1. HP: 13/13 MP: 3/3
   312 | D:1      | Gained mutation: You are slightly more attuned to the
                  | shadows. [demonic ancestry]
   312 | D:1      | Reached XP level 2. HP: 15/19 MP: 0/5
  1229 | D:1      | Gained mutation: You are partially covered in slimy green
                  | scales. (AC +2) [demonic ancestry]
  1229 | D:1      | Reached XP level 3. HP: 24/24 MP: 2/6
  1658 | D:1      | Learned a level 3 spell: Conjure Flame
  1790 | D:2      | Found a faded altar of an unknown god.
  2142 | D:2      | Gained mutation: You are partially covered in sharp spines.
                  | [demonic ancestry]
  2142 | D:2      | Reached XP level 4. HP: 30/30 MP: 1/7
  2143 | D:2      | Quit the game

Vault maps used:
D:1:      onia_arrival_pentagram, minmay_misc_feat_rows
D:2:      chequers_ecumenical_altar_simple

Skill      XL: |  1  2  3 |
---------------+----------+-----
Fire Magic     | 3 |  3.1
Conjurations   | 2 3 |  3.1
Dodging        | |  1.7
Stealth        | |  1.7
Spellcasting   | |  2.4

Action                   |  1- 3 |  4- 6 || total
-------------------------+-------+-------++-------
Melee: Dagger            |    29 |       ||    29
 Cast: Flame Tongue      |    84 |     1 ||    85
  Eat: Chunk             |     5 |       ||     5
Armor: Robe              |     4 |       ||     4
Dodge: Dodged            |    55 |       ||    55

Table legend:
 A = Non-vault XP
 B = Vault XP
 C = Vault XP percentage of total XP
 D = Non-vault monster count
 E = Vault monster count
 F = Vault count percentage of total count
                 A         B        C        D         E       F
            +---------+---------+-------+---------+---------+-------
      Total |      97 |       0 |   0.0 |      46 |       0 |   0.0
            +---------+---------+-------+---------+---------+-------
        D:1 |      60 |       0 |   0.0 |      33 |       0 |   0.0
        D:2 |      37 |       0 |   0.0 |      13 |       0 |   0.0
            +---------+---------+-------+---------+---------+-------
